 Dungeon Crawl Stone Soup version 0.31-a0-819-gf6de2f5ab6 (webtiles) character file.

Game seed: 13152156229989690532

145 qw the Shooter (level 5, -4/32 HPs)
             Began as a Gargoyle Hunter on Sept 23, 2023.
             Slain by an ogre
             ... wielding a +0 giant club
              (15 damage)
             ... on level 3 of the Dungeon.
             The game lasted 00:00:52 (1956 turns).

qw the Shooter (Gargoyle Hunter)                    Turns: 1956, Time: 00:00:52

Health: -4/32      AC:  9    Str: 14    XL:     5   Next: 27%
Magic:  5/5        EV: 11    Int: 12    God:
Gold:   110        SH:  0    Dex: 21    Spells: 4/4 levels left

rFire   + + .        Y - +0 shortbow
rCold   + + .        (shield currently unavailable)
rNeg    + . .        e - +0 ring mail
rPois   inf          (no helmet)
rElec   +            (no cloak)
rCorr   .            (no gloves)
SInv    .            (no boots)
Will    .....        a - amulet of Dooxty {RegenMP rElec rC+}
Stlth   +            b - ring of Lugonu's Displeasure {rC++ Int+2 Dex+6}
HPRegen 0.25/turn    f - ring of fire
MPRegen 0.49/turn

%: no passive effects
@: no status effects
A: sickness immunity, AC +4, negative energy resistance 1, electricity
resistance, torment resistance 1, petrification resistance, fire resistance 1,
wild magic 1
a: no special abilities


You were on level 3 of the Dungeon.
You visited 1 branch of the dungeon, and saw 3 of its levels.

You collected 110 gold pieces.


Innate Abilities, Weirdness & Mutations

You are immune to sickness and miasma.
Your stone body is resilient. (AC +4)
You are immune to poison.
You resist negative energy. (rN+)
You are resistant to electric shocks. (rElec)
You are resistant to unholy torment.
You are immune to petrification.
Your flesh is heat resistant. (rF+)
Your spells are a little harder to cast, but a little more powerful.


   Skills:
 - Level 3.1 Fighting
 + Level 5.9 Ranged Weapons
 - Level 1.0 Armour
 - Level 1.5 Dodging
 - Level 1.1 Stealth


You had 4 spell levels left.
You didn't know any spells.
Your spell library was empty.

Inventory:

Hand Weapons
 Y - a +0 shortbow (weapon)
Armour
 e - a +0 ring mail (worn)
 h - a +0 helmet
Jewellery
 a - the amulet of Dooxty (around neck) {RegenMP rElec rC+}
   (You found it on level 2 of the Dungeon)

   [amulet of magic regeneration]

   RegenMP:   It increases your rate of magic regeneration.
   rC+:       It protects you from cold.
   rElec:     It insulates you from electricity.
 b - the ring of Lugonu's Displeasure (left hand) {rC++ Int+2 Dex+6}
   (You acquired it on level 2 of the Dungeon)

   [ring of dexterity]

   Int+2:     It affects your intelligence (+2).
   Dex+6:     It affects your dexterity (+6).
   rC++:      It greatly protects you from cold.
 f - a ring of fire (right hand)
Scrolls
 c - 2 scrolls of identify
 l - a scroll of teleportation {unknown}
Potions
 d - a potion of attraction {unknown}
 g - a potion of curing {unknown}
 i - a potion of enlightenment {unknown}
 j - a potion of haste {unknown}
 k - 2 potions of mutation

Dungeon Overview and Level Annotations

Branches:
Dungeon (3/15)

Altars:

Shops:
D:1 *


Message History

You shoot an arrow. The arrow hits the jackal!
You kill the jackal!
You shoot an arrow. The arrow barely misses the jackal.
The jackal barely misses you. x2
You shoot an arrow.
The arrow hits the jackal but does no damage.
The jackal closely misses you.
You shoot an arrow. The arrow closely misses the jackal.
The jackal bites you.
The jackal bites you but does no damage.
You shoot an arrow. The arrow hits the jackal.
The jackal is heavily wounded.
The jackal barely misses you.
The jackal bites you but does no damage.
You shoot an arrow. The arrow hits the jackal.
The jackal is heavily wounded.
The jackal bites you but does no damage.
You shoot an arrow.
The arrow hits the jackal but does no damage.
The jackal is heavily wounded.
The jackal closely misses you. The jackal barely misses you.
You shoot an arrow. The arrow hits the jackal.
You kill the jackal!
You shoot an arrow. The arrow barely misses the ogre.
The ogre misses you.
You shoot an arrow.
The arrow hits the ogre but does no damage.
The ogre misses you.
You shoot an arrow. The arrow barely misses the ogre.
You shoot an arrow. The arrow hits the ogre.
The ogre is lightly wounded.
The ogre hits you with a +0 giant club!
You shoot an arrow. The arrow barely misses the ogre.
The ogre barely misses you.
You shoot an arrow. The arrow hits the ogre!
The ogre is moderately wounded.
The ogre hits you with a +0 giant club!
You shoot an arrow. The arrow barely misses the ogre.
The ogre hits you with a +0 giant club!
You die...

... ..# #..
#.#### ##.. #....
... .... .. #.>#
#h #..######
..####O##........
.....>%@.......#
.########..###.#
#..# #..###... #
#..........
#.####..#.#
##../.....#
#..)....#.#
#.#######


You could see an ogre and a jackal.

Vanquished Creatures
  4 gnolls (D:3)
  2 adders
  2 dart slugs
  2 worms (D:3)
  An orc (D:3)
  7 bats
  3 endoplasms
  4 giant cockroaches
  12 hobgoblins
  5 jackals
  3 kobolds
  2 quokkas
  12 ball pythons
  3 frilled lizards
  5 goblins
  11 rats
78 creatures vanquished.

Notes
Turn   | Place    | Note
-------+----------+-------------------------------------------
     0 | D:1      | qw the Gargoyle Hunter began the quest for the Orb.
     0 | D:1      | Reached XP level 1. HP: 12/12 MP: 1/1
     0 | D:1      | 0 ||| qw: Version: 0.3-a-83-gcd0e7d8
     0 | D:1      | 0 ||| qw: Game counter: 1424
     0 | D:1      | 0 ||| qw: Melee chars always use a shield: true
     0 | D:1      | 0 ||| qw: God list: Okawaru
     0 | D:1      | 0 ||| qw: Allow faded altars: false
     0 | D:1      | 0 ||| qw: Do Orc after clearing Dungeon:15 true
     0 | D:1      | 0 ||| qw: Do second Lair branch before Depths: true
     0 | D:1      | 0 ||| qw: Lair rune preference: random
     0 | D:1      | 0 ||| qw: Goals: Normal
     0 | D:1      | 0 ||| PLANNING D:1-11
    33 | D:1      | Reached XP level 2. HP: 14/17 MP: 2/2
    93 | D:1      | Found Pimoeboq's General Store.
   103 | D:1      | 103 ||| SHOPLISTING +3 ring mail "Igheext" {+Blink Dex+3}
                  | (393 gold, have 0).
   103 | D:1      | 103 ||| SHOPLISTING scroll of enchant armour (75 gold, have
                  | 0).
   243 | D:1      | Reached XP level 3. HP: 18/21 MP: 3/3
   256 | D:1      | Found a faded altar of an unknown god.
   368 | D:1      | Reached skill level 5 in Ranged Weapons
   861 | D:1      | 861 ||| UPGRADING to +0 ring mail.
   871 | D:1      | 871 ||| DROPPING +0 leather armour.
   872 | D:1      | 872 ||| READING scroll labelled CEDIACAKYGHU.
   873 | D:1      | 873 ||| READING scroll labelled NAOXKA LOAR.
   874 | D:1      | 874 ||| READING scroll labelled COSTRY PAIMEDGH.
   875 | D:1      | 875 ||| DROPPING scroll of butterflies.
   911 | D:2      | Identified the amulet of Dooxty {RegenMP rElec rC+}
   997 | D:2      | Reached skill level 1 in Armour
  1066 | D:2      | Reached skill level 3 in Fighting
  1066 | D:2      | Reached XP level 4. HP: 18/28 MP: 4/4
  1549 | D:2      | 1549 ||| UPGRADING to amulet of Dooxty {RegenMP rElec rC+}.
  1554 | D:2      | 1554 ||| READING scroll labelled MUGRAOS VYKHUL.
  1555 | D:2      | 1555 ||| READING scroll labelled FYARHO DUUD.
  1555 | D:2      | Identified a scroll of acquirement
  1555 | D:2      | 1555 ||| ACQUIRING ring of Lugonu's Displeasure {rC++ Int+2
                  | Dex+6}
  1555 | D:2      | Acquired the ring of Lugonu's Displeasure {rC++ Int+2
                  | Dex+6}
  1557 | D:2      | 1557 ||| UPGRADING to ring of Lugonu's Displeasure {rC++
                  | Int+2 Dex+6}.
  1558 | D:2      | 1558 ||| UPGRADING to ring of fire.
  1559 | D:2      | 1559 ||| READING scroll labelled ECSAOT CASA.
  1560 | D:2      | 1560 ||| DRINKING 3 fuming emerald potions.
  1560 | D:2      | Gained mutation: Your flesh is heat resistant. (rF+)
                  | [potion of mutation]
  1560 | D:2      | Gained mutation: Your spells are a little harder to cast,
                  | but a little more powerful. [potion of mutation]
  1561 | D:2      | 1561 ||| READING 2 scrolls of identify.
  1561 | D:2      | 1561 ||| IDENTIFYING white potion
  1562 | D:2      | 1562 ||| DROPPING potion of ambrosia.
  1779 | D:3      | Reached XP level 5. HP: 32/32 MP: 5/5
  1939 | D:3      | Noticed an ogre
  1956 | D:3      | Slain by an ogre

Levels and vault maps discovered:
D:1:      erik_arrival_cave_to_civilisation [erik_arrival_cave_to_hall],
          layout_basic, serial_shops, shop,
          shapermc_ecumenical_altar_starsandcircs, minmay_cut_off
D:2:      layout_loops_ring, minmay_misc_feat_doors
D:3:      layout_loops_ring, bh_walls_and_bars

Skill      XL: |  1  2  3 |
---------------+----------+-----
Ranged Weapons | 5 |  5.9
Armour         | 1 |  1.0
Fighting       | 3 |  3.1
Dodging        | |  1.5
Stealth        | |  1.1

Action                     |  1- 3 |  4- 6 || total
---------------------------+-------+-------++-------
   Fire: Shortbow          |   121 |   105 ||   226
    Use: Scroll            |     3 |     4 ||     7
         Potion            |       |     1 ||     1
 Armour: Leather armour    |    16 |       ||    16
         Ring mail         |    11 |    31 ||    42
  Dodge: Dodged            |    31 |    31 ||    62

Table legend:
 A = Non-vault XP
 B = Vault XP
 C = Vault XP percentage of total XP
 D = Non-vault monster count
 E = Vault monster count
 F = Vault count percentage of total count
                 A         B        C        D         E       F
            +---------+---------+-------+---------+---------+-------
      Total |     201 |       7 |   3.4 |      73 |       5 |   6.4
            +---------+---------+-------+---------+---------+-------
        D:1 |      52 |       7 |  11.9 |      33 |       5 |  13.2
        D:2 |      46 |       0 |   0.0 |      19 |       0 |   0.0
        D:3 |     103 |       0 |   0.0 |      21 |       0 |   0.0
            +---------+---------+-------+---------+---------+-------
